 Dungeon Crawl Stone Soup version 0.22-a0-44-geb883ae (webtiles) character file.

70 shenanigans the Slasher (level 4, -6/35 HPs)
             Began as a Barachi Skald on Jan 6, 2018.
             Splashed by Ijyb's acid (10 damage)
             ... on level 2 of the Dungeon.
             The game lasted 00:03:39 (1919 turns).

shenanigans the Slasher (Barachi Skald)             Turns: 1919, Time: 00:03:39

Health: -6/35      AC:  2    Str: 12    XL:     4   Next: 22%
Magic:  6/7        EV: 11    Int: 14    God:
Gold:   93         SH:  0    Dex: 12    Spells: 6/7 levels left

rFire    . . .     SeeInvis .   a - +0 falchion
rCold    . . .     Gourm    .   (no shield)
rNeg     . . .     Faith    .   f - +0 ring mail
rPois    .         Spirit   .   h - +0 helmet
rElec    .         Reflect  .   (no cloak)
rCorr    .         Harm     .   (no gloves)
MR       .....                  (no boots)
Stlth    +.........             (no amulet)
HPRegen  0.11/turn              (no ring)
MPRegen  0.10/turn              (no ring)

@: infused, corroded, can't hop, slow
A: +LOS, swims, slowness 1, strong legs 1
a: Hop


You were on level 2 of the Dungeon.
You were very hungry.

You visited 1 branch of the dungeon, and saw 3 of its levels.

You collected 93 gold pieces.

Inventory:

Hand Weapons
 a - a +0 falchion (weapon)
Missiles
 m - 6 exploding tomahawks (quivered)
Armour
 b - a +0 leather armour
 f - a +0 ring mail (worn)
 h - a +0 helmet (worn)
 l - a +0 scale mail
Scrolls
 e - a scroll of fear {unknown}
 g - a scroll of magic mapping {unknown}
 k - a scroll of identify {unknown}
 q - a scroll of enchant weapon {unknown}
Potions
 i - a potion of flight {unknown}
 n - a potion of heal wounds {unknown}
 o - a potion of cancellation {unknown}
 p - a potion of agility {unknown}
Books
 c - a book of Battle

   Spells                             Type                      Level
   a - Infusion                       Charms                       1
   b - Shroud of Golubria             Charms/Translocation         2
   c - Song of Slaying                Charms                       2
   d - Spectral Weapon                Hexes/Charms                 3
   e - Regeneration                   Charms/Necromancy            3
Comestibles
 d - 3 rations


   Skills:
 + Level 3.3 Fighting
 + Level 3.3 Long Blades
 + Level 2.5 Armour
 + Level 3.0 Dodging
 - Level 2.1 Spellcasting
 - Level 3.2 Charms


You had 6 spell levels left.
You knew the following spells:

 Your Spells              Type           Power        Failure   Level  Hunger
a - Infusion              Chrm           ##..         13%         1    #......


Dungeon Overview and Level Annotations

Branches:
Dungeon (3/15)

Altars:

Annotations:
D:2 Ijyb


Innate Abilities, Weirdness & Mutations

Shadows flee at your approach. (+LOS)
You can swim through water.
You cover ground slowly.
You can hop short distances.


Message History

You kill the ball python!
A goblin comes into view. It is wielding a club.
The iguana bites you. Ijyb misses you.
You climb upwards.
There is a stone staircase leading down here.
Hop to where?
Press: ? - help, Dir - move target cursor Boing!
Ijyb zaps a wand.
The bolt of acid hits you! The acid corrodes you!
You are splashed with acid!
The acid burns!
It is a wand of acid (10).
Casting: Infusion
Confirm with . or Enter, or press ? or * to list all spells.
You begin infusing your attacks with magical energy.
The iguana hisses menacingly.
You closely miss Ijyb. Ijyb hits you.
* * * LOW HITPOINT WARNING * * *
Ijyb zaps a wand.
The bolt of acid hits you!
* * * LOW HITPOINT WARNING * * *
You are splashed with acid!
The acid burns!
You die...

######### #######.......#
#.......#####.#
#.#####.#####.#### #####
#.#####.##..g..>.# ##...##
#.##..<...@##.##.###.....#
#.##.##.#####.##.........#
#=##.##.......######.....##
#.......####### #.......#
####.#### #.##.##.#
#.......# #########.##.##.#
#.##.##.# #.......#........
#.##.##.###.......#.##.##.#
#.##...#.##.......#.##.##.#


You could see Ijyb.

Vanquished Creatures
  An adder (D:2)
  An ooze (D:1)
  A worm (D:2)
  A dart slug (D:1)
  3 leopard geckos
  An orc (D:2)
  2 giant cockroaches
  6 goblins
  7 hobgoblins
  5 jackals
  5 kobolds
  A ball python (D:3)
  6 bats
  A frilled lizard (D:1)
  A rat (D:1)
42 creatures vanquished.

Notes
Turn   | Place    | Note
-------+----------+-------------------------------------------
     0 | D:1      | shenanigans the Barachi Skald began the quest for the Orb.
     0 | D:1      | Reached XP level 1. HP: 17/17 MP: 3/3
   303 | D:1      | Reached XP level 2. HP: 23/23 MP: 5/5
   805 | D:1      | Reached XP level 3. HP: 27/29 MP: 6/6
  1683 | D:2      | Reached XP level 4. HP: 21/35 MP: 7/7
  1909 | D:3      | Noticed Ijyb
  1919 | D:2      | Splashed by Ijyb's acid

Vault maps used:
D:1:      dpeg_arrival_leaves_temple_mockup, minivault_11
D:2:      serial_glass, glass_columns_a, glass_columns_c
D:3:      first_ration, tgw_fedhas, uniq_grinder, uniq_ijyb,
          uniq_crazy_yiuf_cottage

Skill      XL: |  1  2  3 |
---------------+----------+-----
Armour         | 2 |  2.5
Fighting       | 3 |  3.3
Long Blades    | 3 |  3.3
Dodging        | 3 |  3.0
Spellcasting   | |  2.1
Charms         | |  3.2

Action                   |  1- 3 |  4- 6 || total
-------------------------+-------+-------++-------
Melee: Falchion          |   124 |    18 ||   142
 Cast: Infusion          |       |     1 ||     1
 Abil: Hop               |       |     1 ||     1
  Eat: Chunk             |     3 |       ||     3
Armor: Leather armour    |     4 |       ||     4
       Ring mail         |    39 |     8 ||    47
Dodge: Dodged            |   104 |    11 ||   115
       Rpst.: Falchion   |    34 |     2 ||    36

Table legend:
 A = Spawn XP
 B = Non-spawn XP
 C = Spawn XP percentage of total XP
 D = Spawn monster count
 E = Non-spawn monster count
 F = Spawn count percentage of total count
 G = Total turns spent on level
                    A         B        C        D         E        F      G
               +---------+---------+-------+---------+---------+-------+---------
         Total |       0 |     101 |   0.0 |       0 |      42 |   0.0 |  1919
               +---------+---------+-------+---------+---------+-------+---------
           D:1 |       0 |      48 |   0.0 |       0 |      22 |   0.0 |  1241
           D:2 |       0 |      52 |   0.0 |       0 |      19 |   0.0 |   673
           D:3 |       0 |       1 |   0.0 |       0 |       1 |   0.0 |     5
               +---------+---------+-------+---------+---------+-------+---------
